 Dungeon Crawl Stone Soup version 0.32-a0-540-g866d13106e (webtiles) character file.

Game seed: 5208231835895797177

126 grandjackal the Slasher (level 4, -4/37 HPs)
             Began as a Demonspawn Gladiator on Feb 29, 2024.
             Killed by nerve-wracking pain
             ... invoked by an orc priest
              (14 damage)
             ... on level 3 of the Dungeon.
             The game lasted 00:02:11 (1460 turns).

grandjackal the Slasher (Demonspawn Gladiator)      Turns: 1460, Time: 00:02:11

Health: -4/37      AC:  9    Str: 15    XL:     4   Next: 84%
Magic:  4/4        EV: 11    Int:  8    God:
Gold:   39         SH:  0    Dex: 16    Spells: 3/3 levels left

rFire   . . .        a - +0 long sword
rCold   . . .        (no shield)
rNeg    . . .        i - +0 ring mail
rPois   .            c - +0 helmet
rElec   .            (no cloak)
rCorr   .            (no gloves)
SInv    .            j - +0 pair of boots
Will    .....        (no amulet)
Stlth   +            (no ring)
HPRegen 0.26/turn    (no ring)
MPRegen 0.09/turn

%: no passive effects
@: wreathed by umbra
A: slimy green scales 1, foul shadow 1
a: Convert to Beogh


You were on level 3 of the Dungeon.
You visited 1 branch of the dungeon, and saw 3 of its levels.

You collected 138 gold pieces.
You spent 99 gold pieces at shops.

Inventory:

Hand Weapons
 a - a +0 long sword (weapon)
Missiles
 d - 3 throwing nets (quivered)
 e - a javelin
Armour
 c - a +0 helmet (worn)
 i - a +0 ring mail (worn)
 j - a +0 pair of boots (worn)
Scrolls
 b - 2 scrolls of identify {unknown}
 g - a scroll of amnesia {unknown}
 l - 2 scrolls of teleportation {unknown}
 m - a scroll of summoning {unknown}
 q - 3 scrolls of revelation {unknown}
Potions
 f - a potion of magic {unknown}
 h - a potion of lignification {unknown}
 k - a potion of mutation {unknown}
 n - 2 potions of attraction {unknown}
 o - a potion of degeneration {unknown}
 p - a potion of enlightenment {unknown}


   Skills:
 + Level 3.6 Fighting
 + Level 3.9 Long Blades
 - Level 2.0 Throwing
 - Level 3.0 Dodging


You had 3 spell levels left.
You didn't know any spells.
Your spell library contained the following spells:

 Spells                   Type           Power      Damage    Failure   Level
 Stone Arrow              Conj/Erth      0%         3d7       95%         3
 Animate Armour           Summ/Erth      0%         N/A       100%        4
 Lehudib's Crystal Spear  Conj/Erth      0%         10d2      100%        8


Dungeon Overview and Level Annotations

Branches:
Dungeon (3/15)

Altars:

Shops:
D:1 *


Innate Abilities, Weirdness & Mutations

You are partially covered in slimy green scales. (AC +2)
You are faintly shadowed, very rarely releasing foul flame when damaged in melee.


Message History

You hit the orc but do no damage. The orc barely misses you.
You closely miss the orc. The orc hits you but does no damage.
You hit the orc.
The orc is moderately wounded.
The orc barely misses you.
You slash the orc!
You kill the orc!
You hit the orc priest.
The orc priest is moderately wounded.
The orc priest closely misses you.
The orc priest invokes the aid of Beogh against you.
Pain shoots through your body!
You hit the orc priest.
The orc priest is heavily wounded.
The orc priest hits you with a +0 war axe.
You hit the orc priest but do no damage.
The orc priest shouts, "The Pantheon deserves no one's loyalty.
Let us show you the true path!"
The orc priest is heavily wounded.
The orc priest closely misses you.
You closely miss the orc priest.
The orc priest is heavily wounded.
The orc priest misses you.
The orc priest shouts, "Surrender to Beogh and we'll let you live!"
You hit the orc priest but do no damage.
The orc priest is heavily wounded.
The orc priest hits you but does no damage.
The orc priest hits you with a +0 war axe.
You are too injured to fight recklessly!
You are too injured to fight recklessly!
You are too injured to fight recklessly!
You are too injured to fight recklessly!
You closely miss the orc priest.
The orc priest is heavily wounded.
The orc priest hits you with a +0 war axe.
* * * LOW HITPOINT WARNING * * *
You hit the orc priest.
The orc priest is almost dead.
The orc priest invokes the aid of Beogh against you.
Pain shoots through your body!
You die...

#.#...#<##
.......)....# #.#
.....#........##.#
#.#.##.#.###.###.#
..#.##.#.# # #..
.##.##. .# #.#
....##. .. #.#
.#####. .. #o# .##
#@# ..## #.# ...##
#.# ....# #.#
...## #.# ..## #.#
.## #.# #######
#.#
......##########.#


You could see an orc priest.

Vanquished Creatures
  2 orc wizards (D:2)
  2 adders
  7 orcs
  2 ball pythons
  2 endoplasms
  3 giant cockroaches (D:1)
  5 hobgoblins
  6 jackals
  A quokka (D:2)
  5 bats (D:1)
  2 frilled lizards (D:2)
  3 goblins
  5 kobolds
  5 rats
50 creatures vanquished.

Notes
Turn   | Place    | Note
-------+----------+-------------------------------------------
     0 | D:1      | grandjackal the Demonspawn Gladiator began the quest for
                  | the Orb.
     0 | D:1      | Reached XP level 1. HP: 16/16 MP: 1/1
   135 | D:1      | Gained mutation: You are faintly shadowed, very rarely
                  | releasing foul flame when damaged in melee. [demonic
                  | ancestry]
   135 | D:1      | Reached XP level 2. HP: 22/22 MP: 2/2
   149 | D:1      | Found Izaaz's Assorted Antiques.
   710 | D:2      | Reached XP level 3. HP: 28/28 MP: 3/3
   876 | D:2      | Gained mutation: You are partially covered in slimy green
                  | scales. (AC +2) [demonic ancestry]
   876 | D:2      | Reached XP level 4. HP: 19/35 MP: 4/4
  1264 | D:1      | Bought a lumpy red potion for 18 gold pieces
  1264 | D:1      | Bought a grey potion for 18 gold pieces
  1264 | D:1      | Bought 3 scrolls labelled HASEUS SEINT for 63 gold pieces
  1460 | D:3      | Killed from afar by an orc priest

Illustrated notes

Levels and vault maps discovered:
D:1:      dpeg_arrival_more_subterranean_lakeside_camping, layout_basic,
          serial_shops, nicolae_shop_tiny_glass
D:2:      layout_loops_ring
D:3:      layout_loops_cross, serial_shops, nicolae_shop_crystal,
          nicolae_shop_peninsula, shop, nicolae_shop_back_alley_shop,
          shapermc_ecumenical_altar_rom_forum

Skill      XL: |  1  2  3 |
---------------+----------+-----
Throwing       | 2 |  2.0
Dodging        | 3 |  3.0
Long Blades    | 3 |  3.9
Fighting       | 3 |  3.6

Action                     |  1- 3 |  4- 6 || total
---------------------------+-------+-------++-------
  Melee: Long sword        |    85 |    78 ||   163
 Armour: Leather armour    |    11 |       ||    11
         Ring mail         |    42 |    47 ||    89
  Dodge: Dodged            |    70 |    64 ||   134

Table legend: (Time is in decaauts)
 A = Elapsed time spent in this place.
 B = Non-inter-level travel time spent in this place.
 C = Inter-level travel time spent in this place.
 D = Time resting spent in this place.
 E = Time spent auto-exploring this place.
 F = Levels seen in this place.
 G = Mean time per level.
                   A        B        C        D        E       F      G
               +--------+--------+--------+--------+--------+-----+--------+
         Total |   1500 |   1393 |    107 |     46 |    976 |   3 |  500.0 |
       Dungeon |   1500 |   1393 |    107 |     46 |    976 |   3 |  500.0 |
               +--------+--------+--------+--------+--------+-----+--------+

Top non-repeatable levels by time:
     D:2: 706 daAuts
     D:1: 648 daAuts
     D:3: 144 daAuts
